 Dungeon Crawl Stone Soup version 0.29-a0-1052-g6990b1bffc (webtiles) character file.

Game seed: 15506504910502927039

24523 tatocazan the Demolition Demonspawn (level 12, -1/97 HPs)
             Began as a Demonspawn Fighter on Aug 18, 2022.
             Was an Elder of Makhleb.
             Slain by a swamp worm (18 damage)
             ... on level 2 of the Lair of Beasts.
             The game lasted 00:19:47 (14775 turns).

tatocazan the Demolition Demonspawn (DsFi)         Turns: 14775, Time: 00:19:48

Health: -1/97      AC: 19    Str: 21    XL:     12   Next: 81%
Magic:  22/22      EV:  7    Int:  9    God:    Makhleb [****..]
Gold:   662        SH:  9    Dex: 14    Spells: 11/11 levels left

rFire   . . .      SeeInvis .   f - +2 whip (elec)
rCold   . . .      Faith    .   c - +0 buckler
rNeg    . . .      Spirit   .   p - +0 plate armour
rPois   .          Reflect  .   j - +0 helmet
rElec   .          Harm     .   v - +0 cloak
rCorr   .          Rampage  .   o - +0 pair of gloves
Will    .....                   z - +0 pair of boots
Stlth   ..........              (no amulet)
HPRegen 1.06/turn               (no ring)
MPRegen 0.18/turn               (no ring)

@: no status effects
A: claws 2, large bone plates 1, ignite blood 2, spiny 3, regeneration 1, wild
magic 1
a: Renounce Religion, Minor Destruction, Lesser Servant of Makhleb, Major
Destruction


You were on level 2 of the Lair of Beasts.
You worshipped Makhleb.
Makhleb was greatly pleased with you.
You visited 4 branches of the dungeon, and saw 15 of its levels.
You also visited: Sewer.

You collected 752 gold pieces.
You spent 90 gold pieces at shops.

Inventory:

Hand Weapons
 a - a +0 war axe
 f - a +2 whip of electrocution (weapon)
 t - a +2 spear of flaming
Missiles
 e - 33 poisoned darts
 L - 4 throwing nets (quivered)
Armour
 c - a +0 buckler (worn)
 j - a +0 helmet (worn)
 o - a +0 pair of gloves (worn)
 p - a +0 plate armour (worn)
 v - a +0 cloak (worn)
 z - a +0 pair of boots (worn)
Jewellery
 E - a ring of magical power
 H - an amulet of magic regeneration
 P - a +6 ring of intelligence
 R - a ring of protection from cold
Wands
 i - a wand of roots (11)
 n - a wand of charming (8)
 y - a wand of polymorph (20)
 A - a wand of light (11)
 T - a wand of digging (1)
Scrolls
 g - 3 scrolls of magic mapping
 h - 14 scrolls of identify
 u - a scroll of teleportation
 x - 2 scrolls of poison
 F - 2 scrolls of fog
 G - 2 scrolls of vulnerability {unknown}
 I - a scroll of enchant weapon {unknown}
 J - a scroll of immolation {unknown}
 K - a scroll of fear {unknown}
 M - a scroll of silence {unknown}
 O - 3 scrolls of amnesia {unknown}
 S - a scroll of summoning {unknown}
Potions
 b - 4 potions of brilliance {unknown}
 d - 4 potions of might
 k - 3 potions of mutation
 l - 3 potions of flight
 m - 2 potions of degeneration {unknown}
 q - 2 potions of haste {unknown}
 r - 6 potions of heal wounds
 s - 2 potions of attraction {unknown}
 w - 4 potions of berserk rage {unknown}
 B - 2 potions of resistance {unknown}
 C - 9 potions of curing {unknown}
 D - 2 potions of magic {unknown}
 N - a potion of lignification {unknown}


   Skills:
 + Level 9.7 Fighting
 - Level 10.6(11.1) Axes
 * Level 5.4(8.7) Maces & Flails
 + Level 8.8 Armour
 + Level 3.7 Dodging
 - Level 5.6 Shields
 * Level 13.3 Invocations


You had 11 spell levels left.
You didn't know any spells.
Your spell library contained the following spells:

 Spells                   Type           Power      Damage    Failure   Level
 Blink                    Tloc           0%         N/A       100%        2
 Sublimation of Blood     Necr           0%         N/A       100%        2
 Ignite Poison            Fire/Tmut/Pois 0%         N/A       100%        3
 Inner Flame              Hex/Fire       0%         N/A       100%        3
 Lesser Beckoning         Tloc           0%         N/A       100%        3
 Mephitic Cloud           Conj/Pois/Air  0%         N/A       100%        3
 Cause Fear               Hex            0%         N/A       100%        4
 Leda's Liquefaction      Hex/Erth       0%         N/A       100%        4
 Petrify                  Tmut/Erth      0%         N/A       100%        4
 Freezing Cloud           Conj/Ice/Air   0%         6-21      100%        5
 Irradiate                Conj/Tmut      0%         3d11      100%        5
 Lee's Rapid Deconstruct  Erth           0%         3d5*      100%        5
 Manifold Assault         Tloc           0%         N/A       100%        5
 Statue Form              Tmut/Erth      0%         N/A       100%        6
 Discord                  Hex            0%         N/A       100%        8


Dungeon Overview and Level Annotations

Branches:
Dungeon (11/15)            Temple (1/1) D:6            Lair (2/5) D:11
  Swamp (0/4) Lair:2          Orc (1/2) D:10          Sewer (visited)
  Snake: Lair:2-3    Spider: Lair:2-3

Altars:
Ashenzari
Cheibriados
Dithmenos
Fedhas
Gozag
Hepliaklqana
Kikubaaqudgha
Makhleb
Nemelex Xobeh
Qazlal
Ru
Sif Muna
Trog
Wu Jian
Yredelemnul

Shops:
D:3 ?   D:9 (

Portals:
Trove: D:10 (give +7 demon trident)

Annotations:
D:8 exclusion: ice statue
Orc:1 Erica


Innate Abilities, Weirdness & Mutations

You have very sharp fingernails.
You are partially covered in large bone plates. (SH +4)
Your demonic aura often causes spilled blood to erupt in flames.
You are completely covered in sharp spines.
Your natural rate of healing is unusually fast.
Your spells are a little harder to cast, but a little more powerful.


Message History

You closely miss the swamp worm.
The swamp worm is moderately wounded.
The swamp worm fires a harpoon shot at you.
The harpoon shot hits you!
You are yanked forward by the harpoon shot.
The tyrant leech bites your orange demon!!
Your orange demon barely misses the tyrant leech.
Your orange demon closely misses the tyrant leech.
You block the swamp worm's attack.
The tyrant leech bites you but does no damage.
You take 10 damage, and have 48/97 hp.
You barely miss the tyrant leech.
The tyrant leech is moderately wounded.
The swamp worm bites you but does no damage.
The swamp worm is struck by your spines.
The swamp worm bites you but does no damage.
The tyrant leech completely misses your orange demon.
The swamp worm is struck by your spines.
The swamp worm barely misses you.
Your orange demon stings the tyrant leech.
The tyrant leech looks as sick as possible!
Your orange demon poisons the tyrant leech!
Your orange demon closely misses the tyrant leech.
You closely miss the tyrant leech.
The tyrant leech is moderately wounded.
You block the swamp worm's attack.
The swamp worm is struck by your spines.
The swamp worm bites you but does no damage.
The tyrant leech bites you.
The tyrant leech draws strength from your injuries!
You take 3 damage, and have 46/97 hp.
You closely miss the tyrant leech.
The tyrant leech is moderately wounded.
The swamp worm bites you!
Your orange demon completely misses the tyrant leech.
Your orange demon hits the tyrant leech but does no damage.
The swamp worm bites you!
* * * LOW HITPOINT WARNING * * *
The swamp worm bites you!!
You die...

#....+..###..### #
...#.#.#.###...# .. .#+#######
#..## #. .. ##..# #.# ###
####..P#### ####.# ### #
##........P####.##.## #.# ###
#.........+..##.#P+P####.. ..#
###....>.w...#.......##....
..####.##......w@........†..#...#
..#.#.##...(...ww..........+..###
..##....'......w4#.........####
......#.P...♣♣.♣♣####'..####
..###.###..♣♣♣§§♣♣ #.### ###
####.#'♣≈§§§§♣ #..##### # #
###)♣§§§§♣♣ ##....P# # #.♣~§~~≈♣
###.†.## ## ###.♣♣~~~♣♣
#####.÷.####.


You could see 2 tyrant leeches, 3 swamp worms and a friendly orange demon
(summoned).

Vanquished Creatures
  Harold (D:10)
  Fannar (Lair:2)
  2 hydras
  Erolcha (D:9)
  A two-headed ogre (D:10)
  3 death yaks
  Pikel (D:4)
  A cyclops (D:11)
  Joseph (D:9)
  A black mamba (Lair:1)
  A gargoyle (D:10)
  3 cane toads
  Maggie (D:8)
  A torpor snail (Lair:2)
  A rime drake (Lair:1)
  5 komodo dragons (Lair:2)
  2 trolls
  A polar bear (Lair:1)
  A hornet (D:9)
  13 blink frogs
  4 dream sheep (Lair:1)
  A spriggan (D:10)
  26 yaks
  4 wyverns
  2 steam dragons (D:8)
  4 vampire mosquitoes (D:9)
  Menkaure (D:4)
  6 water moccasins
  Duvessa (D:4)
  4 orc warriors
  A sky beast (D:6)
  3 ice beasts
  A black bear (D:8)
  3 ogres
  7 centaurs
  3 kobold brigands
  A phantom (D:7)
  2 bullfrogs (Lair:2)
  A necrophage (D:7)
  4 scorpions
  Dowan (D:4)
  8 wights (D:7)
  3 killer bees (D:9)
  2 vampire bats (D:9)
  4 howler monkeys
  6 hounds
  4 orc priests
  3 jellies
  2 gnoll boudas
  6 iguanas
  12 orc wizards
  Robin (D:4)
  11 gnolls
  5 adders
  2 shadow imps
  2 white imps
  An ufetubus (D:7)
  4 worms
  4 dart slugs
  54 orcs
  6 ball pythons
  2 bat skeletons (D:9)
  2 bat zombies (D:9)
  6 endoplasms
  A giant cockroach (D:3)
  14 goblins
  8 hobgoblins
  12 jackals
  A quokka (D:2)
  3 training dummies (D:9)
  6 bats
  2 frilled lizards (D:1)
  19 kobolds
  9 rats
347 creatures vanquished.

Vanquished Creatures (others)
  5 fungi (Lair:2)
  8 plants (Lair:2)
13 creatures vanquished.

Grand Total: 360 creatures vanquished

Notes
Turn   | Place    | Note
-------+----------+-------------------------------------------
     0 | D:1      | tatocazan the Demonspawn Fighter began the quest for the
                  | Orb.
     0 | D:1      | Reached XP level 1. HP: 18/18 MP: 1/1
   469 | D:1      | Gained mutation: You are partially covered in large bone
                  | plates. (SH +4) [demonic ancestry]
   469 | D:1      | Reached XP level 2. HP: 23/24 MP: 2/2
   766 | D:1      | Gained mutation: Armour fits poorly on your strangely
                  | shaped body. [potion of mutation]
   766 | D:1      | Lost mutation: Armour fits poorly on your strangely shaped
                  | body. [potion of mutation]
   969 | D:1      | Found a faded altar of an unknown god.
  1302 | D:2      | Gained mutation: You are partially covered in sharp spines.
                  | [demonic ancestry]
  1302 | D:2      | Reached XP level 3. HP: 19/29 MP: 3/3
  1842 | D:2      | Gained mutation: Your demonic aura sometimes causes spilled
                  | blood to erupt in flames. [demonic ancestry]
  1842 | D:2      | Reached XP level 4. HP: 35/35 MP: 4/4
  2186 | D:3      | Found an opulent altar of Gozag.
  2222 | D:3      | Found a bloodstained altar of Trog.
  2561 | D:3      | Gained mutation: You are mostly covered in sharp spines.
                  | [demonic ancestry]
  2561 | D:3      | Reached XP level 5. HP: 39/42 MP: 5/5
  3299 | D:3      | Found Iwnegh's Magic Scroll Boutique.
  3315 | D:3      | Bought a scroll of magic mapping for 90 gold pieces
  3562 | D:4      | Noticed Menkaure
  3568 | D:4      | Killed Menkaure
  3569 | D:4      | Gained mutation: You have sharp fingernails. [demonic
                  | ancestry]
  3569 | D:4      | Reached XP level 6. HP: 48/48 MP: 6/6
  3591 | D:4      | Found a glowing drain.
  3595 | D:4      | Noticed Robin
  3601 | Sewer    | Entered a sewer
  3699 | Sewer    | Gained mutation: You have very sharp fingernails. [demonic
                  | ancestry]
  3699 | Sewer    | Reached XP level 7. HP: 44/55 MP: 7/7
  3836 | D:4      | Noticed Pikel
  3854 | D:4      | Killed Pikel
  3855 | D:4      | Reached skill level 5 in Fighting
  3855 | D:4      | Reached skill level 5 in Axes
  3855 | D:4      | Gained mutation: You are completely covered in sharp
                  | spines. [demonic ancestry]
  3855 | D:4      | Reached XP level 8. HP: 21/62 MP: 8/8
  3856 | D:4      | Killed Robin
  4203 | D:4      | Noticed Dowan
  4203 | D:4      | Noticed Duvessa
  4206 | D:4      | Killed Dowan
  4221 | D:4      | Killed Duvessa
  4389 | D:4      | Gained mutation: Your spells are a little harder to cast,
                  | but a little more powerful. [potion of mutation]
  4389 | D:4      | Gained mutation: Your natural rate of healing is unusually
                  | fast. [potion of mutation]
  4821 | D:5      | Entered Level 5 of the Dungeon
  4865 | D:5      | Found a snail-covered altar of Cheibriados.
  4954 | D:5      | Reached skill level 5 in Shields
  5180 | D:5      | Reached skill level 5 in Armour
  5742 | D:6      | Reached XP level 9. HP: 63/69 MP: 9/9
  5753 | D:6      | Found a staircase to the Ecumenical Temple.
  5769 | Temple   | Entered the Ecumenical Temple
  5812 | Temple   | Became a worshipper of Makhleb the Destroyer
  5840 | D:6      | Reached skill level 1 in Invocations
  5993 | D:6      | Identified the +5 scale mail "Nupuss" {+Inv rElec rPois
                  | Dex-5}
  6234 | D:6      | Reached skill level 2 in Invocations
  6983 | D:7      | Reached skill level 3 in Invocations
  7185 | D:7      | Reached skill level 4 in Invocations
  7195 | D:7      | Reached * piety under Makhleb
  7196 | D:7      | Reached skill level 5 in Invocations
  7225 | D:7      | Identified the +0 ring mail of Whack-A-Mole {*Slow rCorr
                  | Dex+7 Slay+2}
  7429 | D:7      | Reached XP level 10. HP: 60/77 MP: 14/14
  7436 | D:7      | Reached skill level 6 in Invocations
  7701 | D:7      | Found a blossoming altar of Fedhas.
  7913 | D:7      | Found a shimmering blue altar of Sif Muna.
  8213 | D:8      | Found a broken altar of Ashenzari.
  8386 | D:8      | Reached ** piety under Makhleb
  8415 | D:8      | Reached skill level 7 in Invocations
  8579 | D:8      | Noticed an ice statue
  8716 | D:8      | Noticed Maggie
  8724 | D:8      | Killed Maggie
  9109 | D:9      | Noticed Erolcha
  9162 | D:8      | Reached skill level 8 in Invocations
  9415 | D:9      | Paralysed by a hornet for 3 turns
  9493 | D:9      | Found a shadowy altar of Dithmenos.
  9761 | D:9      | Found an ancient bone altar of Kikubaaqudgha.
  9807 | D:9      | Reached skill level 9 in Invocations
  9893 | D:9      | Killed Erolcha
  9894 | D:9      | Reached XP level 11. HP: 71/86 MP: 17/17
 10055 | D:9      | Found Cearau Bowi's Firing Range.
 10455 | D:9      | Reached skill level 10 in Axes
 10564 | D:9      | Noticed Joseph
 10571 | D:9      | Killed Joseph
 10691 | D:10     | Entered Level 10 of the Dungeon
 10727 | D:10     | Reached *** piety under Makhleb
 10796 | D:10     | Noticed a two-headed ogre
 10809 | D:10     | Killed a two-headed ogre
 11098 | D:10     | Reached skill level 10 in Invocations
 11203 | D:10     | Found a staircase to the Orcish Mines.
 11437 | D:10     | Found a portal to a secret trove of treasure.
 11496 | D:10     | Noticed Harold
 11511 | D:10     | Killed Harold
 11918 | Orc:1    | Entered Level 1 of the Orcish Mines
 11918 | Orc:1    | Noticed Erica
 11998 | D:11     | Reached skill level 1 in Maces & Flails
 11998 | D:11     | Reached skill level 11 in Invocations
 12021 | D:11     | Noticed a death yak
 12021 | D:11     | Noticed a death yak
 12021 | D:11     | Noticed a death yak
 12024 | D:11     | Noticed a death yak
 12025 | D:11     | Noticed a death yak
 12037 | D:11     | Killed a death yak
 12038 | D:11     | Reached skill level 1 in Dodging
 12041 | D:11     | Found a staircase to the Lair.
 12301 | Lair:1   | Entered Level 1 of the Lair of Beasts
 12484 | Lair:1   | Noticed a six-headed hydra
 12502 | Lair:1   | Killed a six-headed hydra
 12502 | Lair:1   | Reached **** piety under Makhleb
 12503 | Lair:1   | Gained mutation: Your demonic aura often causes spilled
                  | blood to erupt in flames. [demonic ancestry]
 12503 | Lair:1   | Reached XP level 12. HP: 46/94 MP: 20/20
 12764 | Lair:1   | Reached skill level 12 in Invocations
 13481 | Lair:2   | Noticed a death yak
 13481 | Lair:2   | Noticed a death yak
 13487 | Lair:2   | Killed a death yak
 13511 | Lair:2   | Killed a death yak
 13920 | Lair:2   | Reached skill level 5 in Maces & Flails
 13920 | Lair:2   | Reached skill level 13 in Invocations
 14085 | Lair:2   | Noticed Fannar
 14229 | Lair:2   | Killed Fannar
 14320 | Lair:2   | Noticed a seven-headed hydra
 14333 | Lair:2   | Killed a seven-headed hydra
 14756 | Lair:2   | Found a staircase to the Swamp.
 14775 | Lair:2   | Slain by a swamp worm

Illustrated notes

Levels and vault maps discovered:
D:1:      dpeg_arrival_round_b, layout_loops_ring,
          shapermc_ecumenical_altar_ellora, minmay_tetromino_i2
D:2:      layout_basic
D:3:      layout_loops_corners, nicolae_gozag_seed_capital, bloody_trog,
          serial_shops, nicolae_lakefront_shop
D:4:      layout_rooms, tso_altar, cheibrodos_sewer_entry_drain,
          chequers_decorated_corner, minmay_checkerbox, uniq_robin,
          uniq_duvessa, uniq_menkaure, uniq_pikel
D:5:      layout_basic, nicolae_overflow_crystal_walls
D:6:      layout_layer_cave, minmay_temple_entry_trees
D:7:      layout_loops_ring, marbit_many_paths, mainiacjoe_overflow_chevrons,
          minmay_joined_circles
D:8:      minmay_statue_hallways, layout_gridville, cheibrodos_ashenzari_chains,
          uniq_maggie
D:9:      layout_stronghold, kennysheep_vampire_church,
          nicolae_dithmenos_the_darkroom, nicolae_shop_firing_range,
          uniq_erolcha, uniq_joseph
D:10:     layout_layer_cave, hiddenorc1_lemuel, enter_trove_0, the_hattery,
          uniq_harold
D:11:     layout_basic, dpeg_lair_monsters, uniq_josephine
Temple:   compressed_dpeg_triangle_lava_temple
Lair:1:   layout_gridlike, wad_woods_03
Lair:2:   layout_roguey, minmay_swamp_entry_worms, uniq_fannar
Orc:1:    layout_caves, uniq_jorgrun, uniq_erica, uniq_sonja, uniq_urug

Skill      XL: |  1  2  3  4  5  6  7  8  9 10 11 12 |
---------------+-------------------------------------+-----
Axes           | 2 3 4 5 7 8 9 10 | 10.6
Armour         | 3 4 5 6 7 8 |  8.8
Shields        | 3 4 5 |  5.6
Fighting       | 4 5 6 7 8 9 |  9.7
Invocations    | 5 9 11 13 | 13.3
Maces & Flails | 2 5 |  5.4
Dodging        | 1 3 |  3.7

Action                   |  1- 3 |  4- 6 |  7- 9 | 10-12 || total
-------------------------+-------+-------+-------+-------++-------
Melee: Whip              |    96 |   104 |   268 |   553 ||  1021
       War axe           |     1 |       |       |       ||     1
Throw: Throwing net      |       |       |       |     3 ||     3
Invok: Lesser Servant of |       |       |       |     2 ||     2
Evoke: Wand              |       |       |       |    11 ||    11
  Use: Scroll            |     1 |     5 |     3 |     3 ||    12
       Potion            |     1 |       |     4 |       ||     5
 Stab: Invisible         |       |       |       |     4 ||     4
Armor: Scale mail        |    26 |       |       |       ||    26
       Plate armour      |     9 |    35 |    98 |   246 ||   388
Dodge: Dodged            |    27 |    14 |    47 |   113 ||   201
Block: Buckler           |    36 |    48 |   121 |   227 ||   432

Table legend: (Time is in decaauts)
 A = Elapsed time spent in this place.
 B = Non-inter-level travel time spent in this place.
 C = Inter-level travel time spent in this place.
 D = Time resting spent in this place.
 E = Time spent auto-exploring this place.
 F = Levels seen in this place.
 G = Mean time per level.
                   A        B        C        D        E       F      G
               +--------+--------+--------+--------+--------+-----+--------+
         Total |  14687 |  14310 |    377 |   3800 |   8523 |  16 |  917.9 |
       Dungeon |  11966 |  11610 |    356 |   2928 |   7082 |  11 | 1087.8 |
        Temple |     52 |     44 |      8 |      0 |     28 |   1 |   52.0 |
          Lair |   2420 |   2407 |     13 |    872 |   1224 |   2 | 1210.0 |
  Orcish Mines |      1 |      1 |      0 |      0 |      0 |   1 |    1.0 |
         Sewer |    245 |    245 |      0 |      0 |    189 |   1 |  245.0 |
               +--------+--------+--------+--------+--------+-----+--------+

Top non-repeatable levels by time:
    D:10: 1520 daAuts
     D:9: 1391 daAuts
     D:3: 1382 daAuts
  Lair:2: 1308 daAuts
     D:1: 1290 daAuts
     D:6: 1286 daAuts
     D:8: 1176 daAuts
     D:7: 1136 daAuts
  Lair:1: 1112 daAuts
     D:4: 1034 daAuts
     D:2: 898 daAuts
     D:5: 783 daAuts
   Sewer: 245 daAuts
    D:11: 65 daAuts
  Temple: 52 daAuts
